 Seeded DCSS version 0.27.1-2-g3b301248ec (webtiles) character file.

Game seed: 14551798346683263451 (custom seed)

25 babuloseo the Shield-Bearer (level 3, 29/29 HPs)
             Began as a Human Fighter on Oct 1, 2021.
             Quit the game on level 2 of the Dungeon.
             The game lasted 00:01:34 (259 turns).

babuloseo the Shield-Bearer (Human Fighter)          Turns: 259, Time: 00:01:35

Health: 29/29      AC:  6    Str: 17    XL:     3   Next: 17%
Magic:  3/3        EV:  7    Int:  8    God:
Gold:   35         SH:  9    Dex: 12    Spells: 2/2 levels left

rFire    . . .     SeeInvis .   a - +0 trident
rCold    . . .     Faith    .   c - +0 kite shield
rNeg     . . .     Spirit   .   b - +0 scale mail
rPois    .         Reflect  .   (no helmet)
rElec    .         Harm     .   (no cloak)
rCorr    .         Rampage  .   (no gloves)
Will     .....                  (no boots)
Stlth    ..........             (no amulet)
HPRegen  0.09/turn              (no ring)
MPRegen  0.08/turn              (no ring)

@: no status effects
A: no striking features
a: no special abilities


You were on level 2 of the Dungeon.
You visited 1 branch of the dungeon, and saw 2 of its levels.

You collected 35 gold pieces.

Inventory:

Hand Weapons
 a - a +0 trident (weapon)
Armour
 b - a +0 scale mail (worn)
 c - a +0 kite shield (worn)
Scrolls
 e - a scroll of identify {unknown}
 g - a scroll of acquirement
Potions
 d - a potion of might
 f - a potion of brilliance {unknown}


   Skills:
 + Level 3.2 Fighting
 * Level 2.6 Polearms
 + Level 3.2 Armour
 + Level 3.2 Shields


You had 2 spell levels left.
You didn't know any spells.
Your spell library contained the following spells:

 Spells                   Type           Power      Damage    Failure   Level
 Magic Dart               Conj           0%         1d3       100%        1
 Call Imp                 Summ           0%         N/A       100%        2
 Searing Ray              Conj           0%         3d3       100%        2
 Mephitic Cloud           Conj/Pois/Air  0%         N/A       100%        3
 Fulminant Prism          Conj/Hex       0%         3d6       100%        4


Dungeon Overview and Level Annotations

Branches:
Dungeon (2/15)

Altars:
Qazlal


Message History

You puncture the hobgoblin!
You kill the hobgoblin!
The hobgoblin hits you.
You puncture the hobgoblin!
You kill the hobgoblin!
You have reached level 3!
Your experience leads to an increase in your attributes!
Increase (S)trength, (I)ntelligence, or (D)exterity?
You feel stronger.
You puncture the hobgoblin!
You kill the hobgoblin!
You hit the hobgoblin but do no damage.
The hobgoblin hits you but does no damage.
The hobgoblin barely misses you.
You hit the hobgoblin.
You kill the hobgoblin!
You hit the hobgoblin.
The hobgoblin is moderately wounded.
The hobgoblin hits you but does no damage.
You completely miss the hobgoblin.
The hobgoblin is moderately wounded.
The hobgoblin closely misses you. You block the hobgoblin's attack.
You barely miss the hobgoblin.
The hobgoblin is moderately wounded.
You block the hobgoblin's attack.
You puncture the hobgoblin!
You kill the hobgoblin!
Things that are here:
a hobgoblin corpse; a hobgoblin corpse; a hobgoblin corpse
There is an open door here.
There is an open door here.
You see here 14 stones.
You pick up a book of Minor Magic and begin reading...
You add the spells Call Imp and Mephitic Cloud to your library.
f - a smoky grey potion
There is an open door here.
There is an open door here.
g - a scroll labelled LONUMM XATILEEJ This is a scroll of acquirement!
Are you sure you want to abandon this character and quit the game? (Confirm with "yes".)

#.. #.# ###.#### #
......#.# #.##.#)#
#.....##### .
#....##...##
#.####.....#
#†#..#.@...#
#.'..'.....# #
########.#..#..(..#
#..........####.....#
(..###.)...# ##...##
#..#.......# #####
.....#.....#
#..###.....#
#.......####


There were no monsters in sight!

Vanquished Creatures
  An adder (D:2)
  2 goblins (D:2)
  6 hobgoblins (D:2)
  3 ball pythons (D:2)
  A bat (D:2)
  2 rats (D:2)
15 creatures vanquished.

Notes
Turn   | Place    | Note
-------+----------+-------------------------------------------
     0 | D:1      | babuloseo the Human Fighter began the quest for the Orb.
     0 | D:1      | Reached XP level 1. HP: 18/18 MP: 1/1
     9 | D:2      | Found a stormy altar of Qazlal.
    17 | D:2      | Reached XP level 2. HP: 18/24 MP: 2/2
   224 | D:2      | Reached XP level 3. HP: 28/29 MP: 3/3
   259 | D:2      | Identified a scroll of acquirement
   259 | D:2      | Quit the game

Illustrated notes

Levels and vault maps discovered:
D:1:      lemuel_arrival_river_bridge, layout_rooms
D:2:      layout_loops_cross, basic_altar, serial_shops, shop,
          minmay_goblin_kobold_house, uniq_crazy_yiuf_cottage, uniq_robin

Action                   || total
-------------------------++-------
Melee: Trident           ||    36
Armor: Scale mail        ||    16
Dodge: Dodged            ||     7
Block: Kite shield       ||    20
